Cogmind - Beta 15 @@@ ROGUE MODE // 2025.05.26 @ 12:35:08 Player: winnking222 Result: Destroyed by 4G-6N3(R) with Subdweller Beam Cannon Performance ------------- Evolutions (0) 0 Regions Visited (3) 600 Robots Destroyed (30) 150 Value Destroyed (986) 986 Prototype IDs (3) 60 Alien Tech Used (0) 0 Bonus (0) 0 TOTAL SCORE: 1796 Bonus ------- None Cogmind --------- Core Integrity 0/250 Matter 221/300 Energy 100/100 System Corruption 0% Temperature Cool (75) Movement Walking (210) Ox1 Location -10/Subcaves Parts ------- > --- POWER (1) -------- Subdweller Power Source > --- PROPULSION (2) --- Makeshift Leg > --- UTILITY (2) ------ Medium Storage Unit Experimental Sensor Array > --- WEAPON (2) ------- Subdweller Machine Gun Improved Light Cannon > --- INVENTORY (10) --- Spiked Treads Subdweller Monowheel Subdweller Monowheel High-capacity Matter Pod (200) Subdweller Optics Seismic Detector Makeshift Light Armor Plating Beam Cannon Subdweller Machine Gun Barrage Gun Peak State ------------ > --- POWER ------------ Subdweller Power Source > --- PROPULSION ------- Makeshift Leg Makeshift Leg > --- UTILITY ---------- Medium Storage Unit Experimental Sensor Array > --- WEAPON ----------- Subdweller Machine Gun Improved Light Cannon > --- INVENTORY -------- Light Treads Spiked Treads Subdweller Monowheel Subdweller Monowheel High-capacity Matter Pod Subdweller Optics Seismic Detector Makeshift Light Armor Plating Subdweller Machine Gun Barrage Gun [Rating: 26] Favorites ----------- Power Ion Engine Engine Ion Engine Propulsion Light Treads Treads Light Treads Leg Aluminum Leg Utility Medium Storage Unit Device Experimental Sensor Array Storage Medium Storage Unit Protection Improved Light Armor Plating Weapon Improved Light Cannon Energy Gun Small Laser Ballistic Gun Subdweller Machine Gun Ballistic Cannon Improved Light Cannon Build | -11 -10 -10 -10 ------- Run | Yrd Mat Min Sub Slots Evolved . | . . . . Power . | . . . . Propulsion . | . . . . Utility . | . . . . Weapon . | . . . . Parts Attached 32 | 8 4 7 13 Power 6 | 1 . 1 4 Engine 6 | 1 . 1 4 Core . | . . . . Reactor . | . . . . Propulsion 9 | 2 . 5 2 Treads 3 | 2 . 1 . Leg 6 | . . 4 2 Wheel . | . . . . Hover . | . . . . Flight . | . . . . Utility 6 | 2 1 . 3 Device 2 | . . . 2 Storage 2 | 1 1 . . Processor . | . . . . Hackware . | . . . . Protection 2 | 1 . . 1 Artifact . | . . . . Weapon 11 | 3 3 1 4 Energy Gun 4 | 3 . . 1 Energy Cannon . | . . . . Ballistic Gun 3 | . 1 . 2 Ballistic Cannon 4 | . 2 1 1 Launcher . | . . . . Special Weapon . | . . . . Impact Weapon . | . . . . Slashing Weapon . | . . . . Piercing Weapon . | . . . . Special Melee Weapon . | . . . . Unidentified Prototypes 1 | . . . 1 Parts Lost 5 | . . 2 3 Power 1 | . . . 1 Propulsion 3 | . . 2 1 Utility 1 | . . . 1 Weapon . | . . . . Highest Loss Streak 1 | . . 1 1 To Critical Strikes . | . . . . Average Backups 8 | 5 7 9 9 Power . | . . 1 . Propulsion 3 | 3 3 2 4 Utility 2 | . 2 3 3 Weapon 1 | 1 1 2 1 Tool/Special . | . . . . Unused Backups 17 | . 5 2 10 Power 1 | . 1 . . Propulsion 8 | . 3 . 5 Utility 6 | . 1 2 3 Weapon 2 | . . . 2 Tool/Special . | . . . . Average Slot Usage (%) 99 | . 99 99 99 Engine 13 | . 14 14 13 Treads 3 | . 28 7 . Leg 24 | . . 20 27 Device 10 | . . . 13 Storage 14 | . 14 14 14 Protection 3 | . 14 14 . Ballistic Gun 7 | . 7 3 8 Ballistic Cannon 19 | . 17 24 18 Peak Build Rating 26 | 9 12 13 26 Average Rating 15 | 6 11 12 21 On Entrance 8 | . 9 11 13 Naked Turns . | . . . . Heaviest Build 27 | 16 24 26 27 Greatest Support 40 | 40 40 40 40 Greatest Overweight (x) 3 | 3 . 1 2 Average Overweight (x) . | . . . . Largest Inventory Capacity 10 | 8 10 10 10 Average Capacity 9 | 7 8 10 10 Most Carried 10 | 7 9 10 10 Average Carried 8 | 5 7 9 9 Final Capacity 10 | 8 10 10 10 Final Carried 10 | 6 9 10 10 Class Distribution -------------------- 76% | Mutant 14% | Scavenger-Mutant 8% | Derelict-Mutant Dominant Class ---------------- Mutant | -10/Materials Scavenger-Mutant | -10/Mines Mutant | -10/Subcaves Resources | -11 -10 -10 -10 ----------- Run | Yrd Mat Min Sub Matter Collected 1665 | 280 272 430 683 Remotely . | . . . . Salvage Created 873 | 73 238 194 368 Parts 48 | . 21 9 18 Haulers Intercepted 2 | . 2 . . Recyclers Shooed 1 | . 1 . . Parts Field Recycled . | . . . . Retrieved Matter . | . . . . Parts Self-Destructed 11 | . . . 11 Prevented . | . . . . Kills | -11 -10 -10 -10 ------- Run | Yrd Mat Min Sub Combat Hostiles Destroyed 33 | 6 7 7 13 Guns 11 | 6 1 . 4 Cannons 22 | . 6 7 9 Classes Destroyed 7 | 1 4 . 2 Builder 1 | . 1 . . Hauler 2 | . 2 . . Swarmer 4 | . 3 1 . Grunt 10 | . 4 6 . Sentry 1 | . . . 1 Subdweller 12 | . . . 12 Assembled 6 | 6 . . . Best Kill Streak 3 | 1 3 2 2 Combat Bots Only 3 | 1 3 2 2 Max Kills in Single Turn 1 | 1 1 1 1 Gunslinging . | . . . . Exploded . | . . . . Melee . | . . . . Uniques/NPCs Destroyed . | . . . . Combat | -11 -10 -10 -10 -------- Run | Yrd Mat Min Sub Hostile Shots Fired 134 | 18 37 19 60 Missed 33 | 5 6 6 16 Hits 101 | 13 31 13 44 Melee 1 | 1 . . . Projectile 100 | 12 31 13 44 Critical Strikes 4 | 1 2 . 1 Damage Taken 1702 | 189 373 188 952 Core 260 | 36 50 34 140 Absorbed by Shields . | . . . . Core Remaining (%) 85 | 85 . . . Volleys Fired 170 | 24 26 18 102 Largest 2 | 2 2 2 2 Hottest 93 | 80 66 66 93 Shots Fired 297 | 37 52 36 172 Gun 111 | 37 20 6 48 Cannon 186 | . 32 30 124 Launcher . | . . . . Special . | . . . . Kinetic 242 | . 52 36 154 Thermal 31 | 13 . . 18 Explosive . | . . . . Electromagnetic 24 | 24 . . . Robot Hit Streak 14 | 3 14 8 12 Robot Miss Streak 4 | 2 4 2 2 Penetration Max . | . . . . Secondary Targets . | . . . . Shots Hit Robots 149 | 18 33 22 76 Core Hits 56 | 10 13 9 24 Critical Kills 2 | . . . 2 Critical Parts Destroyed . | . . . . Critical Strikes 8 | . . 3 5 Destroy 4 | . . . 4 Blast 4 | . . 3 1 Melee Attacks . | . . . . Impact . | . . . . Slashing . | . . . . Piercing . | . . . . Sneak Attacks . | . . . . Combat Hostiles . | . . . . Follow-up Attacks . | . . . . Damage Inflicted 2796 | 193 593 455 1555 Guns 898 | 193 188 47 470 Cannons 1895 | . 404 406 1085 Explosions . | . . . . Melee . | . . . . Ramming 3 | . 1 2 . Kinetic 2374 | . 592 453 1329 Thermal 269 | 43 . . 226 Explosive . | . . . . Electromagnetic 150 | 150 . . . Impact . | . . . . Slashing . | . . . . Piercing . | . . . . Highest Corruption . | . . . . Average Corruption . | . . . . Corruption Purged . | . . . . Corruption Blocked . | . . . . Overload Shots . | . . . . Overflow Damage 5 | . 3 2 . Projectiles 5 | . 3 2 . Explosions . | . . . . Melee . | . . . . Knockbacks 26 | . 7 3 16 Impact . | . . . . Kinetic 24 | . 7 3 14 Secondary 2 | . . . 2 Self-Inflicted Damage . | . . . . Shots . | . . . . Rammed . | . . . . Targets Rammed 3 | . 1 2 . Kicked 2 | . . 2 . Crushed 1 | . 1 . . Highest Temperature 285 | 150 103 96 285 Average Temperature 47 | 47 35 38 162 Received Heat Transfer 858 | 60 207 108 483 Siege Activations . | . . . . Martial Activations . | . . . . Shielding Activations . | . . . . Robots Disrupted . | . . . . Combat Hostiles . | . . . . Robots Corrupted . | . . . . Combat Hostiles . | . . . . Parts Fried . | . . . . Impact Corruptions . | . . . . Robots Melted . | . . . . Combat Hostiles . | . . . . Parts Melted . | . . . . Heat Transferred 375 | 100 . . 275 Parts Sabotaged . | . . . . Parts Stolen . | . . . . Parts Stripped . | . . . . Power Chain Reactions . | . . . . Alert | -11 -10 -10 -10 ------- Run | Yrd Mat Min Sub Maximum Alert Level . | . . . . Low Security (%) 100 | 100 100 100 . Level 1 . | . . . . Level 2 . | . . . . Level 3 . | . . . . Level 4 . | . . . . Level 5 . | . . . . High Security . | . . . . Max Security . | . . . . Peak Influence 113 | . 113 48 . Initial 28 | . . 28 . Average 7 | . 50 9 . Influence Increases 440 | . 210 195 35 Destroy 0b10 Robot/C 300 | . 140 140 20 Destroy 0b10 Robot/NC 15 | . 15 . . Destroy Leader 64 | . 24 40 . Disable Machine 30 | . 15 15 . Destroy Structure 1 | . 1 . . Lose Combat Pursuer 30 | . 15 . 15 Influence Decreases 440 | . 136 269 35 Entered New Map 46 | . . 46 . Time Decay 374 | . 136 203 35 Lost Part 20 | . . 20 . Squads Dispatched . | . . . . Investigation . | . . . . Extermination . | . . . . Reinforcement . | . . . . Assault . | . . . . Garrison . | . . . . Intercept . | . . . . Searches Triggered . | . . . . Construction Impeded . | . . . . Haulers Reinforced . | . . . . Active Scanning Responses . | . . . . Cargo Convoy Interrupts . | . . . . Stealth | -11 -10 -10 -10 --------- Run | Yrd Mat Min Sub Distress Signals 1 | . 1 . . Communications Jammed . | . . . . Distress Signals . | . . . . Times Spotted 41 | 6 14 7 14 Peak Tracking Total 4 | 1 4 2 3 Tactical Retreats 2 | . 1 . 1 Traps | -11 -10 -10 -10 ------- Run | Yrd Mat Min Sub Traps Triggered . | . . . . Indirectly . | . . . . Trap Hack Attempts . | . . . . Triggered . | . . . . Disarmed . | . . . . Reprogrammed . | . . . . Reused . | . . . . Traps Extracted . | . . . . Installed 1 | . . . 1 Triggered . | . . . . Machines | -11 -10 -10 -10 ---------- Run | Yrd Mat Min Sub Machines Disabled 3 | . 2 1 . Max in Single Turn 1 | . 1 1 . Machines Repaired . | . . . . Machines Dismantled . | . . . . Machines Sabotaged . | . . . . Overloaded Fab Kills . | . . . . Hacking | -11 -10 -10 -10 --------- Run | Yrd Mat Min Sub Machines Accessed 3 | . 2 . 1 Terminals 1 | . 1 . . Fabricators . | . . . . Repair Stations . | . . . . Recycling Units 1 | . 1 . . Scanalyzers . | . . . . Garrison Access . | . . . . Total Hacks 9 | . 4 . 5 Successful 7 | . 2 . 5 Failed 2 | . 2 . . Catastrophic . | . . . . Database Lockouts . | . . . . Manual . | . . . . Terminals 2 | . 2 . . Fabricators . | . . . . Repair Stations . | . . . . Recycling Units 2 | . 2 . . Scanalyzers . | . . . . Garrison Access . | . . . . Terminal Hacks 6 | . 1 . 5 Record 5 | . . . 5 Prototype ID Bank 1 | . 1 . . Fabricator Hacks . | . . . . Repair Station Hacks . | . . . . Recycling Unit Hacks 1 | . 1 . . Retrieve Matter 1 | . 1 . . Scanalyzer . | . . . . Garrison Access Hacks . | . . . . Unauthorized Hacks . | . . . . Terminals . | . . . . Fabricators . | . . . . Repair Stations . | . . . . Recycling Units . | . . . . Scanalyzers . | . . . . Garrison Access . | . . . . Data Cores Recovered . | . . . . Used . | . . . . Hacking Detections . | . . . . Full Trace Events . | . . . . Feedback Events . | . . . . Feedback Blocked . | . . . . Robot Schematics Acquired . | . . . . Robots Built . | . . . . Authchips . | . . . . Time . | . . . . Total Robot Build Rating . | . . . . Part Schematics Acquired . | . . . . Parts Built . | . . . . Authchips . | . . . . Time . | . . . . Total Part Build Rating . | . . . . Parts Repaired . | . . . . Time . | . . . . Parts Recycled . | . . . . Recycled Matter . | . . . . Retrieved Matter . | . . . . Retrieved Components . | . . . . Parts Scanalyzed . | . . . . Part Schematics Acquired . | . . . . Parts Damaged . | . . . . Bothacking | -11 -10 -10 -10 ------------ Run | Yrd Mat Min Sub Used RIF Installer . | . . . . Robots Hacked . | . . . . Non-combat . | . . . . Combat . | . . . . Robot Hacks Applied . | . . . . Relay Couplers Released . | . . . . Fabnet Peak Effective % . | . . . . Robots Rewired . | . . . . Allies Hacked . | . . . . Hacks Repelled . | . . . . Allies | -11 -10 -10 -10 -------- Run | Yrd Mat Min Sub Total Allies . | . . . . Largest Group . | . . . . Highest-Rated Group . | . . . . Highest-Rated Ally . | . . . . Total Orders . | . . . . Ally Attacks . | . . . . Total Damage . | . . . . Kills . | . . . . Allies Corrupted . | . . . . Allies Melted . | . . . . Intel | -11 -10 -10 -10 ------- Run | Yrd Mat Min Sub Active Infowar (turns) 4724 | . . . 4724 Optics 3 | . . . 3 Sensors 4721 | . . . 4721 Robot Analysis Total . | . . . . Derelict Logs Recovered 3 | . . 2 1 Drone Launches . | . . . . Drone Recoveries . | . . . . Exploration | -11 -10 -10 -10 ------------- Run | Yrd Mat Min Sub Turns Passed 9298 | 2807 426 1224 4841 Spaces Moved 3747 | 626 206 590 2325 Core 42 | 42 . . . Treads 947 | 584 206 157 . Legs 2758 | . . 433 2325 Wheels . | . . . . Hover . | . . . . Flight . | . . . . Fastest Speed 50 | 50 160 160 130 Average Speed 160 | 153 160 182 157 Slowest Speed 260 | 200 160 240 260 Overloaded Moves . | . . . . Propulsion Burnouts . | . . . . Robots Hopped . | . . . . Potential Cave-ins . | . . . . Cave-ins Triggered . | . . . . Exploration Rate (%) 80 | 83 46 97 94 Regions Visited 3 Branch Regions 2 Pre-discovered Areas 3 | . . 2 1 Known Exits Taken . | . . . . Unknown Exits Taken 3 | 1 1 1 . Scrap Searched 9 | . . 1 8 Spaces Dug . | . . . . Terrain Destroyed . | . . . . Melee . | . . . . Projectile . | . . . . AOE . | . . . . Terrain Rammed . | . . . . Walls Destroyed . | . . . . Machines Disabled . | . . . . Actions | -11 -10 -10 -10 --------- Run | Yrd Mat Min Sub Total 6718 | 2435 253 702 3328 Wait 2693 | 1765 . 74 854 Move 3744 | 625 205 589 2325 Hop . | . . . . Pick Up 37 | 12 8 6 11 Fast Attach 10 | 2 3 . 5 Attach 10 | 5 . 3 2 Detach . | . . . . Swap 19 | 1 1 4 13 Drop 31 | 1 9 6 15 Fire 170 | 24 26 18 102 Melee . | . . . . Ram . | . . . . Kick 2 | . . 2 . Crush 1 | . 1 . . Escape Stasis . | . . . . Rewire . | . . . . Trap 1 | . . . 1 Miscellaneous . | . . . . Route ------- -11/Scrapyard -10/Materials -10/Mines (discovered 4 exits: [*Mat x2] / [*Exi] / *Sub) -10/Subcaves (discovered 4 exits: [*Mat x2] / Rec / [*Scr]) History --------- Turn | Location | Event 10 | -11/Scrapyard | Discovered new exit (range 16) 1164 | -11/Scrapyard | Assembled infested the area 2808 | -11/Scrapyard | Entered Materials 2815 | -10/Materials | Build established: Mutant 3210 | -10/Materials | Discovered new exit (range 16) 3234 | -10/Materials | Entered Mines 3235 | -10/Mines | Learned location of Storage (-8) 3236 | -10/Mines | Met a Derelict bent on vengeance 3281 | -10/Mines | A weapon hastily lodged in a ceiling crevice suddenly fell to the ground 3292 | -10/Mines | Learned location of Mines (-9) 3377 | -10/Mines | Found a damaged Exp. Sensor Array with a note attached 3381 | -10/Mines | Found Prototype Device 3844 | -10/Mines | Build established: Scavenger-Mutant 3891 | -10/Mines | Discovered new exit (range 8) 4103 | -10/Mines | Learned Materials emergency access door positions 4240 | -10/Mines | Deemed a non-threat by the Exiles lab entrance 4240 | -10/Mines | Discovered new exit (range 5) 4265 | -10/Mines | Discovered new exit (range 7) 4312 | -10/Mines | Discovered new exit (range 10) 4458 | -10/Mines | Entered Subcaves 4459 | -10/Subcaves | Approached by a straggling Scientist 4460 | -10/Subcaves | Learned location of Zion (-7) 4535 | -10/Subcaves | Identified Exp. Sensor Array 4676 | -10/Subcaves | Scientist uncovered a shortcut to Scraptown 4901 | -10/Subcaves | Core integrity fell below 50% 5006 | -10/Subcaves | Discovered new exit (range 15) 5245 | -10/Subcaves | Build established: Mutant 5782 | -10/Subcaves | Disturbed a concealed Subdweller 6033 | -10/Subcaves | Discovered new exit (range 15) 6256 | -10/Subcaves | Core integrity fell below 20% 6289 | -10/Subcaves | Disturbed a concealed Subdweller 6985 | -10/Subcaves | Shifting Twisted Machinery released Mak. Leg 7002 | -10/Subcaves | Shifting Twisted Machinery released Barrage Gun 7121 | -10/Subcaves | Shifting Twisted Machinery released Battle Cannon 7481 | -10/Subcaves | Visited Clippyterm 7485 | -10/Subcaves | Identified exit to Recycling 7485 | -10/Subcaves | Learned 40 Factory zone layouts 8843 | -10/Subcaves | Build established: Derelict-Mutant 9259 | -10/Subcaves | Visited 4L-MR0's lab 9299 | -10/Subcaves | Destroyed by 4G-6N3(R) with Subdweller Beam Cannon Last Messages --------------- 08900_ Acquired 5 matter. 08902_ Acquired 8 matter. 08924_ Acquired 42 matter. 08925_ Acquired 38 matter. 08927_ Acquired 15 matter. 08939_ Dropped Lgt. Treads. 08940_ Acquired Beam Cannon. 08942_ Subatomizers dissect the Lgt. Treads. 09022_ Searching scrap... 09022_ Found Shrapnel Trap. 09022_ Found 57 Matter. 09025_ Installed Shrapnel Trap. 09274_ GT-ZCQ(R) suffers critical hit (Destroy). 09274_ GT-ZCQ(R) knocked back. 09283_ XB-TJT(R) destroyed. 09284_ Subatomizers dissect the Sub. Power Source. 09287_ Critical hit (Meltdown: +300). 09289_ 4G-6N3(R) knocked back. 09291_ Mak. Leg destroyed. 09299_ Subatomizers dissect the Sub. Power Source. Map ----- +----------------------------------------------------+ | ??????????????????????????????# ##????#### # | | ??????????????????????????????# ###????## ## | | ??????????????????????????????## ##???# #? | | ??????????????????????????????## #???## #? | | ??????????????????????????????# #????## ##? | | ??????????????????????????????# #????## #?? | | ??????????????????????????????# ##???# ##? | | ??????????????????????????????# #??## ## | | ?????????????????????????????## #??# | | ?????????????????????????????# #### | | ?????????????????????????????# ## | | ?????????????????????????????# ### #### | | ?????????????????????????????# ??# ##??## | | ?????????????????????????????# ### ##????# | | ?????????????????????????????# ##?????### | | ?????????????????????????????#### #########?? | | ???????????????????????????????## ### # ##? | | ????????????????????#??????????# ## | | ????????????????????# ?????#####" ### # | | ????????????????????# ?????# # " #??# # ## | | ????????????????????# ????# #??# ## # | | ????????????????????#"%????# #??# % # < # | | ?????????????????????"R*???# #" #??# ! ### | | ?????????????????????##%#####|## #??## #?# | | ???????????????????###[! #< # #??## ### | | ???????????????????# <<< @<< ## #?## ## | | ???????????????????#<<< < < < ^## ### ## | | ???????????????????# < << <<<### ## | | ???????????????????##<<<< <<#### | | ????????????????????#########??## ### | | ????????????????????????????????# #?## | | ???????????????????????????????## #??## | | ???????##########??????????????# ## ##???# | | ???????# "" """###????????????# #####???### | | ???????## ############## ###????## | | ????????## """"# # # ## # #????# | | ????????## ### """ "" ###??## | | ????????# #?# "" ? """ #???#### | | ????????# #?##"" ###"#" # # ## ##??????# | | ????????####??## #?########### #???????# | | ???????????????# #??????????# ## #???????# | | ???????????????####??????????## ###### ###???????# | | ??????????????????????????????###????###?????????? | | ?????????????????????????????????????????????????? | | ?????????????????????????????????????????????????? | | ?????????????????????????????????????????????????? | | ?????????????????????????????????????????????????? | | ?????????????????????????????????????????????????? | | ?????????????????????????????????????????????????? | | ?????????????????????????????????????????????????? | +----------------------------------------------------+ Best States ------------- Heat Dissipation 25 Energy Generation 15 Energy Capacity 250 Matter Stores 300 Matter Capacity 300 Sight Range 16 Robot Scan Range 20 Terrain Scan Density 10 Armor Coverage 150 Evasion (%) 55 Recoil Reduction 2 Item Schematics ----------------- None Robot Schematics ------------------ None Fabricated ------------ Nothing Repaired ---------- Nothing Alien Tech Used ----------------- None Achievements -------------- None Challenges ------------ None Game ------ Seed RiotThrowingExtrapolator Manual? 0 Play Time 00:41:44 Cumulative 68.0 hours Start 2025.05.24 @ 19:41:39 End 2025.05.26 @ 12:35:08 Sessions 2 Manual Loads 0 Difficulty Rogue Special Mode None Game No. 127 Rogue 127 Adventurer 0 Explorer 0 Win Type - Total 1 Types 1/0/0/0/0/0/0/0/0/0 Lore% 55 Gallery% 44 Achievement% 41 Wizard Run 0 Options --------- Layout 0 ASCII 0 Keyboard 0 Movement Mouse Keybinds 0 Fullscreen 1 Font 16/SmallcapsGlow Map View 75x55 Zoom Use 0% Tactical HUD 1 Map Filters NONE Filters NONE Steam 1 RUN: 679967ed-db20-4eec-b438-d6ee6e4b00ff